[Event "5th Baskent University Open 2022"]
[Site "Ankara"]
[Date "2022.07.06"]
[Round "8.16"]
[White "Cakiroglu, Metin"]
[Black "Ipek, Egehan"]
[Result "1/2-1/2"]
[ECO "D00"]
[WhiteElo "2068"]
[BlackElo "2196"]
[Annotator "TA"]
[PlyCount "232"]
[EventDate "2022.07.02"]
[EventType "swiss"]
[EventCountry "TUR"]
[SourceTitle "playchess.com"]
[Source "ChessBase"]
[SourceQuality "1"]
[TimeControl "5400+30"]

1. d4 d5 2. Nc3 Nf6 3. Bf4 a6 4. e3 e6 5. g4 h6 6. a3 {[%emt 0:03:00] D00: 1 d4 d5: Unusual lines.} c5 {[%emt 0:00:30] [#]} 7. Qf3 $146 ({Predecessor:} 7. h4 Nc6 8. Bg2 cxd4 9. exd4 Qb6 10. g5 hxg5 11. hxg5 Rxh1 12. Bxh1 Ng8 13. g6 Qxd4 14. gxf7+ Kxf7 {0-1 (54) Gelman,A (2403)-Gurevich,D (2399) Chess.com INT 2020}) 7... Nc6 8. Nge2 {[%emt 0:00:30] Black has an edge.} b5 9. Bg2 (9. h4 $11 {is more appropriate.}) 9... Bb7 (9... g5 $1 $15 10. Bg3 h5) 10. Qg3 (10. h4 $11) 10... Rc8 11. h4 {[%emt 0:03:30] Inhibits g5.} Qb6 12. dxc5 Qxc5 13. O-O Be7 (13... Rg8 $5 ) 14. Bf3 (14. Rad1 $11 {keeps the balance.}) 14... Nd7 $17 {[%emt 0:06:30] aiming for ...g5.} 15. b4 (15. g5 $142) 15... Qb6 16. Qh2 $2 (16. g5 $17 {was necessary.}) 16... Bf6 $19 17. Bg2 Ne7 18. Na2 Bxa1 19. Rxa1 Rxc2 20. Nd4 Rc4 21. Bf1 (21. Rc1 $142) 21... Rc8 22. Bd6 Nf6 23. f3 Nc6 24. Bc5 Nxd4 25. Bxd4 (25. exd4 $142 Qc7 26. a4 bxa4 27. Nc3) 25... Qc7 26. Be5 Qc2 27. Qf4 (27. Bd4 $142) 27... Qd2 28. Qd4 Rc2 ({Black should play} 28... Qxd4 $19 29. Bxd4 O-O) 29. Qxd2 $15 Rxd2 30. Bc3 {[%emt 0:01:30] Prevents d4.} Rc2 {[%emt 0:00:12][%cal Od5d4] Threatens to win with ...d4!} 31. Bd3 {[%emt 0:00:30] [#]} Rxc3 32. Nxc3 d4 33. exd4 Bxf3 34. a4 O-O ({Much less strong is} 34... Nxg4 35. axb5 axb5 36. Be2 Bxe2 37. Ra8+ Kd7 38. Rxh8 $14) 35. axb5 axb5 36. g5 hxg5 37. hxg5 Rc8 38. Nxb5 Nd5 39. Nd6 Rd8 40. Nxf7 Kxf7 41. Rf1 {[%emt 0:00:08] [#]} Nxb4 $1 42. Rxf3+ $11 {[%emt 0:00:07][%mdl 4096] Endgame KRB-KRN} Ke7 43. Bg6 Rxd4 44. Rf7+ Kd6 45. Rxg7 Rg4+ 46. Kf1 Rxg5 47. Rb7 Nd5 48. Bh7 Ke5 49. Kf2 Kd4 50. Rb3 Rg7 {[%emt 0:01:12] And now ...Rf7+ would win.} 51. Rd3+ Kc4 52. Rh3 $1 Rf7+ 53. Ke1 Nf4 54. Rh6 Kd4 55. Kd2 Rg7 56. Rh2 e5 57. Bc2 Rg3 58. Rf2 Ng2 (58... Rh3 $15) 59. Re2 (59. Rf8 $11) 59... Ne3 $15 60. Bh7 Nc4+ 61. Ke1 Rg7 62. Re4+ Kd5 63. Rh4 Nd6 64. Kf2 e4 65. Bxe4+ Nxe4+ $11 {[%emt 0:00:00] KRN-KR} 66. Ke3 Nf6 67. Ra4 ({Better is} 67. Rd4+ $11 Ke5 68. Kd3) 67... Rg3+ $15 68. Kf2 Rb3 69. Ra5+ Ke4 70. Ra4+ Kf5 71. Ke2 Nd5 72. Ra8 Ke4 73. Re8+ Kd4 74. Kf2 Nf6 75. Rf8 Ne4+ 76. Kg2 Rg3+ 77. Kh2 Ke3 78. Re8 Rg6 79. Rf8 Nd2 80. Re8+ Ne4 81. Rf8 $1 Ng5 {[%emt 0:00:15] ( -> ...Nf3+)} 82. Ra8 Nf3+ 83. Kh3 Nd2 84. Kh4 Ne4 85. Kh5 $1 Rg5+ (85... Rg1 $15) 86. Kh6 $1 $11 {[%emt 0:01:32] The position is equal.} Kf4 87. Rf8+ Kg4 88. Ra8 Rb5 89. Kg6 Rb6+ 90. Kf7 Ng5+ 91. Ke7 Nf3 92. Ra5 Kf4 93. Kd7 Nd4 94. Rh5 Nf5 95. Kc7 Rg6 96. Rh1 Ke5 97. Rd1 Nd4 98. Rh1 Kd5 99. Rh5+ Kc4 100. Kd7 Nf3 101. Ra5 Nd4 102. Rh5 Ne6 103. Ke7 Ng5 104. Rh1 Kd5 105. Rd1+ Ke5 106. Re1+ Ne4 107. Kd7 Rh6 108. Ra1 Nc3 109. Rg1 Rd6+ 110. Ke7 Nd5+ 111. Kf7 Rd7+ 112. Ke8 Re7+ 113. Kf8 Ra7 114. Rg7 Ra8+ 115. Kf7 Kf5 {[%emt 0:00:00] Inhibits Rg5+.} 116. Rg1 Ra7+ {[%emt 0:00:00] Whites escaped into a draw.  Weighted Error Value: White=0.24 (precise) /Black=0.26 (precise)} 1/2-1/2

[Event "5th Baskent University Open 2022"]
[Site "Ankara"]
[Date "2022.07.06"]
[Round "8.17"]
[White "Primbetov, Marat"]
[Black "Eke, Salih"]
[Result "1-0"]
[ECO "B31"]
[WhiteElo "2186"]
[BlackElo "2195"]
[Annotator "TA"]
[PlyCount "129"]
[EventDate "2022.07.02"]
[EventType "swiss"]
[EventCountry "TUR"]
[SourceTitle "playchess.com"]
[Source "ChessBase"]
[SourceQuality "1"]
[TimeControl "5400+30"]

1. e4 c5 2. Nf3 Nc6 3. Bb5 g6 4. O-O Bg7 5. c3 Nf6 6. Re1 O-O 7. h3 d5 8. e5 Ne8 9. d4 cxd4 {[%emt 0:10:30] 9...Nc7 deserves study.} 10. cxd4 Nc7 11. Ba4 {[%emt 0:11:30] B31: Sicilian: 2...Nc6 3 Bb5 g6.} b5 12. Bb3 a5 {[%emt 0:00:30] [#]} 13. a3 $146 {[%emt 0:02:30] White is slightly better.} ({Predecessor:} 13. Nc3 a4 14. Bc2 Rb8 15. Be3 Na5 16. b3 a3 17. Rc1 Bd7 18. Qd2 b4 19. Ne2 {1-0 (44) Zubov,A (2597)-Birnboim,N (2379) Netanya 2019}) 13... Ba6 (13... a4 $5 14. Bc2 f6 $11) 14. Nc3 b4 (14... Qd7 $14) 15. Na4 $1 $16 Ne6 16. Be3 bxa3 17. bxa3 Na7 18. Nc3 (18. h4 $16) 18... Nc7 (18... Nb5 $14 19. Nxd5 Bb7) 19. Qd2 Rb8 20. Qa2 e6 21. Na4 Nc8 22. Bd2 Na8 23. Rac1 Bb5 24. Nc5 Ne7 25. a4 Be8 26. Be3 (26. h4 $18 {has better winning chances.}) 26... Nc6 (26... Nb6 $142) 27. Qd2 Qb6 28. Rb1 Qa7 29. Rec1 Nc7 30. Bh6 {[%emt 0:00:30] 0x0.001f2315c706dp-1022s more active pieces.} (30. Nh2 $142) 30... Na6 (30... Rb4 $16 {keeps fighting.}) 31. Nxa6 $1 $18 Qxa6 32. Bxg7 (32. Nh2 $1 $18 {Strongly threatening Bxg7.} Bxh6 33. Qxh6) 32... Kxg7 $14 33. h4 Nb4 (33... h5 $14) 34. Rc3 Qb6 (34... Rc8 $16) 35. Rbc1 Nc6 36. h5 h6 37. Bd1 (37. Qf4 $6 Qd8 $16) 37... Bd7 38. Bc2 (38. Qf4 Qd8 $16) ({White should play} 38. Be2 $18) 38... Qd8 $16 39. Bb1 (39. Bd3 $1 $16) 39... Rb6 (39... Rb4 $14) 40. Rc5 g5 41. Qd3 Rh8 {[%emt 0:00:01] Against Qh7+} 42. Nh2 ({Better is} 42. Qd1 $1 $14) 42... Rb4 $2 (42... Qb8 $1 $11) 43. Rxc6 $18 Bxc6 44. Rxc6 {[%emt 0:00:00] Black must now prevent Ng4.} Qd7 45. Rc1 Rxa4 46. Ng4 {[%emt 0:00:55] Hoping for Qf3.} Rc4 47. Rd1 (47. Rxc4 $142 dxc4 48. Qf3 (48. Qxc4 a4 $18)) 47... a4 $2 (47... Qe7 48. Rf1 a4) 48. Ba2 ({Less strong is} 48. Qf3 Qe7 $16) 48... Rb4 $2 (48... Rc7 49. f4 gxf4) 49. Qf3 {[%emt 0:01:28] Qf6+ is the strong threat.} Qe7 50. Rc1 {[%emt 0:02:46] Threatens to win with Qf6+.} Rhb8 51. Nf6 $2 (51. Qd3 $18 {aiming for Nf6.} Qb7 52. Nf6) 51... Rb2 $2 {[%emt 0:00:02][%mdl 8192] [#]} (51... Rxd4 $11 52. g3 Rd2) 52. Qd3 $1 Rh8 {[%emt 0:00:20] [#]} (52... Kf8 53. Qh7) 53. Ra1 $2 (53. Rc8 $3 $18 {[%cal Od3h7][%mdl 512] White threatens Qh7+! and mate.} Qd8 54. Rxd8 Rxd8 55. Qh7+ Kf8 56. Qxh6+ Ke7 57. Qxg5 $1) 53... Qb4 {[%emt 0:00:42][%cal Ob2f2] And now ...Rxf2! would win.} 54. Bxd5 {[%emt 0:00:35] Really sharp!} exd5 55. Nxd5 Qb3 56. Qe4 Rb8 $2 {[%emt 0:00:18][%mdl 8192] [#]} (56... Rd8 $11 57. Ne3 (57. Nf6 Qc2 $17) 57... Kg8) 57. e6 $1 {[%emt 0:00:41] White wants to mate with Qe5+.} Rb1+ $2 {[%emt 0:02:46] [#]} (57... Re2 58. Qxe2 Qxd5 59. exf7 Rf8 60. Rxa4 Qxf7) 58. Kh2 $1 {[%emt 0:00:03] Threatening mate with Qe5+.} Rxa1 59. Qe5+ {[%emt 0:00:48] White mates.} Kh7 60. Qf5+ Kg8 61. Qxf7+ Kh8 62. Qf6+ Kh7 63. Qg6+ {[%emt 0:00:30][%mdl 64] Deflection} Kh8 64. Qxh6+ Kg8 65. Nf6# {[%emt 0:00:00] Weighted Error Value: White=0.40/Black=0.67} 1-0

[Event "5th Baskent University Open 2022"]
[Site "Ankara"]
[Date "2022.07.06"]
[Round "8.18"]
[White "Yerden, Huseyin Eren"]
[Black "Cansu, Batuhan"]
[Result "0-1"]
[ECO "D78"]
[WhiteElo "2050"]
[BlackElo "2083"]
[Annotator "TA"]
[PlyCount "106"]
[EventDate "2022.07.02"]
[EventType "swiss"]
[EventCountry "TUR"]
[SourceTitle "playchess.com"]
[Source "ChessBase"]
[SourceQuality "1"]
[TimeControl "5400+30"]

1. d4 Nf6 2. c4 g6 3. g3 c6 4. Bg2 d5 5. Nf3 Bg7 6. O-O O-O 7. Ne5 Ne4 {[%emt 0:09:30][%cal Bf6e4,Be4d6,Bd6f5][%mdl 32] 7...Ng4 gains popularity. D78: Fianchetto Grünfeld: 6 0-0 c6.} 8. f3 Nd6 9. c5 (9. cxd5 $11 cxd5 10. Nc3) 9... Nf5 $15 {[%emt 0:02:30] [#] Black is slightly better.} 10. Nc3 $146 ({Predecessor:} 10. f4 Nd7 11. Nf3 h5 12. Qa4 Qc7 13. Rd1 b6 14. cxb6 Qxb6 15. e3 c5 16. Nc3 {1-0 (42) Bodisko,A-Lecroq,M ICCF corr 1987}) 10... b6 (10... Nd7 $1 $17 11. f4 Nxe5 12. fxe5 f6) 11. f4 bxc5 12. dxc5 e6 (12... Qa5 13. Nxd5 $1 Na6 14. Nc3 $11 (14. Nxc6 Qxc5+ 15. e3 Bb7 $11)) 13. e4 $36 {[%emt 0:01:00][%mdl 2048] White is more active.} Ne7 (13... dxe4 $5 14. Qa4 (14. Bxe4 Qa5 $11) (14. Nxe4 Nd7 $11) 14... Nd7 $11) 14. Be3 Nd7 15. Nxd7 (15. exd5 Nxe5 16. fxe5 cxd5 $17) 15... Qxd7 16. Bd4 Ba6 17. Bxg7 Kxg7 18. Qd4+ Kg8 19. Rfd1 Rab8 $2 (19... Qc7 $1 $14) 20. b4 (20. exd5 $18 Nxd5 21. Bxd5 exd5 22. Ne4) 20... Qc7 $14 21. a3 Bc4 22. Rab1 a5 23. Qf6 Rfe8 24. h4 h5 25. Bf3 axb4 26. axb4 (26. Rxb4 Qa5 27. Qd4 Qxa3 $15) 26... Rbd8 27. Qg5 (27. Bg2 $11) 27... d4 28. Na4 Kh7 (28... Bb5 $17 29. Nb6 Kg7) 29. Nb6 (29. Nb2 $5 Rf8 30. e5 $11 (30. Nxc4 $2 f6 $19)) 29... Bb5 30. Rb2 (30. Bxh5 $11 {keeps the balance.} gxh5 31. Qxh5+ Kg8 32. Qg5+ Kh7 33. Qh5+ Kg8 34. Qg5+ Kh7 35. Qh5+) 30... d3 (30... Ng8 $17 {And now ...f6 would win.} 31. e5 Qa7) 31. Rh2 (31. g4 $1 $11 {remains equal.} f6 32. Qxf6) 31... Ng8 $1 $17 {[%emt 0:01:30] White must now prevent ...f6.} 32. e5 {[%emt 0:03:30] Prevents f6.} Qe7 ({Black should play} 32... Rd4 $17 33. g4 Qe7 34. gxh5 Qxg5+ 35. fxg5 (35. hxg5 Ne7 $17) 35... Red8) 33. g4 (33. Ra2 $15) 33... Qxg5 ({Black should try} 33... Rd4 $1 $17 {Threatens to win with ...hxg4.} 34. gxh5 Qxg5+ 35. fxg5 (35. hxg5 Ne7 $17) 35... Red8 36. hxg6+ Kxg6) 34. hxg5 $15 Rd4 35. gxh5 (35. Kf2 $1 $15) 35... Rxf4 (35... Ne7 $1 $17 {Hoping for ...Red8.} 36. Ra1 (36. hxg6+ $2 Kxg6 37. Rh6+ Kg7 $19) 36... d2 37. hxg6+ Kxg6) 36. hxg6+ (36. Kf2 $15) 36... Kxg6 $17 37. Kf2 Rxb4 (37... Kxg5 $2 38. Rg1+) 38. Ke3 Ne7 {[%emt 0:01:09] ...Nf5+ is the strong threat.} 39. Rh6+ Kg7 {[%emt 0:00:11] aiming for ...Nf5+. Chess con chili.} 40. Kd2 $2 (40. Be4 {was the only defense.} Nd5+ 41. Bxd5 exd5 42. Nd7) 40... Nf5 41. Rf6 Rb2+ 42. Kc3 Rc2+ 43. Kb4 Rh8 {[%emt 0:00:41] Against Bh5} 44. Rg1 Rh4+ 45. Ka3 Nd4 $2 (45... d2 $19 {Strongly threatening ...Rh3.} 46. g6 fxg6 47. Rfxg6+ Kh7) 46. g6 $11 Rc3+ (46... Rxc5 {gets mated.} 47. gxf7+ Kh7 48. Rg7+ $3 Kxg7 49. f8=Q+ Kh7 50. Rf7+ Kg6 51. Qg7#) 47. Kb2 Rb3+ (47... Rxc5 {leads to mate.} 48. gxf7+ Kh7 {[#]} 49. Rg7+ $3 Kxg7 50. f8=Q+ Kh7 51. Rf7+ Kg6 52. Qg7#) 48. Kc1 $2 (48. Ka2 $11 Rh2+ 49. Ka1 Ra3+ 50. Kb1) 48... d2+ $1 $19 {[%emt 0:00:07] Black is clearly winning.} 49. Kd1 Rb1+ (49... Nxf3 {is a self mate.} 50. gxf7+) 50. Kxd2 Nxf3+ 51. Rxf3 Rxg1 52. gxf7 Rh8 53. Nd7 {[%emt 0:00:00] [#] Prevents Rf8.} Rf8 $1 {[%emt 0:00:10] Weighted Error Value: White=0.51/Black=0.33} 0-1

[Event "5th Baskent University Open 2022"]
[Site "Ankara"]
[Date "2022.07.06"]
[Round "8.19"]
[White "Kocak, Can"]
[Black "Cevizci, Yusuf Baran"]
[Result "1/2-1/2"]
[ECO "C03"]
[WhiteElo "2057"]
[BlackElo "2144"]
[Annotator "TA"]
[PlyCount "130"]
[EventDate "2022.07.02"]
[EventType "swiss"]
[EventCountry "TUR"]
[SourceTitle "playchess.com"]
[Source "ChessBase"]
[SourceQuality "1"]
[TimeControl "5400+30"]

1. e4 e6 2. d4 d5 3. Nd2 Be7 4. e5 c5 5. Qg4 Kf8 6. dxc5 {[%emt 0:03:30] C03: French Tarrasch: Unusual Black 3rd moves.} Nd7 (6... h5 $5 7. Qg3 Nd7 $11) 7. Ngf3 {[%emt 0:00:00] [#]} f6 $146 (7... h5 $11 8. Qg3 h4) ({Predecessor:} 7... h5 8. Qd4 Bxc5 9. Qf4 Qc7 10. Bd3 Be7 11. O-O Nh6 12. Nb3 Ng4 13. Re1 Ndxe5 14. Nxe5 {1-0 (58) Vovk,A (2625)-Sharma,D (2359) Amantea 2014}) 8. exf6 $1 $16 {[%emt 0:05:00] White is more active. White is better.} ({But not} 8. Qxe6 $2 Nxc5 9. Qxc8 Rxc8 $19) 8... Ndxf6 9. Qa4 Bxc5 10. Nb3 Bd6 11. Bd2 (11. Bf4 $14) 11... Ne7 $11 12. Bb5 (12. Bb4 $11 {remains equal.}) 12... a6 $17 13. O-O e5 $1 14. Rfe1 Bg4 ({Black should play} 14... Bf5 $1 {Threatens to win with ...Ne4.} 15. Bf1 e4) 15. Nxe5 axb5 16. Qxb5 Bxe5 17. Rxe5 Qd7 18. Qxd7 (18. Qb6 $1 $15 Kg8 19. f3) 18... Nxd7 19. Rg5 Ra4 20. Bc3 Nf6 $1 21. Nc5 (21. Nd4 $142) 21... Rc4 22. Nxb7 h6 23. Re5 Ng6 $2 ({Black should try} 23... Nc6 $17 {...Rxc3 is the strong threat.} 24. Ree1 d4) 24. Ree1 $11 d4 25. Na5 (25. Nd6 $5 Rc6 26. Bxd4 $1 $11) 25... Rc8 26. Bxd4 Rxc2 27. h3 Bd7 28. Rad1 Bb5 29. Nb3 Kf7 30. Bc3 (30. Bxf6 $5 gxf6 31. Nd4 Rxb2 32. Nxb5 Rxb5 33. Rd7+ Kg8 34. Re8+ Nf8 35. Ra7 $11) 30... Nf4 31. Nd4 Ne2+ 32. Nxe2 $1 Rxe2 33. Rxe2 Bxe2 34. Rd6 Ra8 35. a3 Ne4 36. Rd7+ Ke8 (36... Ke6 $11 37. Rxg7 Nxc3 38. bxc3 Bd3) 37. Rxg7 $14 {[%emt 0:00:00] Hoping for Rg8+.} Ra6 38. Bb4 Re6 {[%emt 0:00:00] Against Re7+} 39. Ra7 Nf6 40. a4 Nd5 41. Bc5 Ra6 {[%emt 0:00:30] [#]} (41... Nf4 $11) 42. Rxa6 $1 $16 Bxa6 43. Kh2 Kf7 44. Kg3 Kg6 45. b4 (45. Kh4 $16) 45... Nc3 $14 46. a5 Kf5 47. f3 (47. Kh4 $5 ) 47... h5 48. Kh4 Kg6 49. g4 hxg4 50. hxg4 Nd5 {[%emt 0:00:30] The position is equal.} 51. Kg3 Kg5 52. f4+ Kf6 53. Kf3 {[%emt 0:00:30] aiming for Ke4.} Bb7 54. Kg3 Ba6 55. f5 Kg5 56. Bd6 Be2 57. Bc5 Bxg4 58. a6 {[%emt 0:00:11] Black must now prevent a7.} Be2 (58... Kxf5 59. a7 Kg5 60. a8=Q Nf6 61. Be7 Kf5 62. Qf8 Bh5 63. Qxf6+ Ke4 64. Qd6) 59. a7 Nc7 60. Bd6 Na8 61. Kf2 Ba6 62. Ke3 Kxf5 63. Kd4 Bb7 64. Kc5 Ke6 65. b5 Kd7 {[%emt 0:00:00] Weighted Error Value: White=0.16 (very precise) /Black=0.19 (very precise)} 1/2-1/2

[Event "5th Baskent University Open 2022"]
[Site "Ankara"]
[Date "2022.07.06"]
[Round "8.21"]
[White "Yurtoglu, Osman Talha"]
[Black "Metin, Enis"]
[Result "1/2-1/2"]
[ECO "C49"]
[WhiteElo "1923"]
[BlackElo "1750"]
[Annotator "TA"]
[PlyCount "92"]
[EventDate "2022.07.02"]
[EventType "swiss"]
[EventCountry "TUR"]
[SourceTitle "playchess.com"]
[Source "ChessBase"]
[SourceQuality "1"]
[TimeControl "5400+30"]

1. e4 e5 2. Nc3 Nf6 3. Nf3 Nc6 4. Bb5 Bb4 5. O-O O-O 6. d3 d6 7. Bg5 Bxc3 8. bxc3 Qe7 9. Ne1 {[%emt 0:00:30] [#] C49: Four Knights: 4 Bb5 Bb4.} h6 $146 ({Predecessor:} 9... Nd8 10. f4 h6 11. fxe5 hxg5 12. exf6 gxf6 13. Bc4 Kg7 14. Nf3 Ne6 15. Rb1 Nf4 16. Nd4 c6 {0-1 (35) Vrchotka,J (2059)-Nemeth,A (2026) Zalakaros 2012}) 10. Bc1 Nd8 11. f4 {[%emt 0:04:30] The position is equal.} d5 (11... c6 $15 12. Bc4 d5) 12. fxe5 $14 Qxe5 13. d4 Qxe4 {[%emt 0:00:30] [#]} 14. Rxf6 $1 gxf6 15. Bxh6 {[%emt 0:00:30] This bishop pair is nice.} Re8 $2 16. Bxe8 $18 Qxe8 (16... Bg4 {was necessary.} 17. Qd3 Qxe8) 17. Qf3 {[%emt 0:00:30][%csl LRd5,LRf6] Intending Qg3+ and mate.} Qe6 18. Nd3 (18. Qg3+ Qg4 $16) 18... Qf5 19. Qxf5 (19. Qg3+ $18 {is more deadly.} Qg6 20. Qh4 (20. Qxc7 Ne6 $14)) 19... Bxf5 $16 20. Rf1 Bg6 21. Rxf6 Kh7 22. Bf4 {[%emt 0:04:30] 0x0.001ebe4f3080dp-1022s more active pieces. The black rooks are badly placed.} Ne6 23. Be5 c5 24. Nf4 (24. Nxc5 Nxc5 25. dxc5 Re8 $16) ({White should play} 24. dxc5 $18 Re8 25. Bd4) 24... Nxf4 25. Rxf4 {[%emt 0:00:30][%mdl 4096] Endgame KRB-KRB} Kh6 26. g4 cxd4 {[%emt 0:00:30] [#]} 27. Bxd4 ({Resist} 27. cxd4 Rc8 $14) ({Don't play} 27. Rxd4 Bxc2 28. Bf4+ (28. Rxd5 Kg5 $14) 28... Kg6 $14) (27. h4 $1 $16 ) 27... Re8 (27... Kg5 $14 {deserves consideration.} 28. Be3 Kh4) 28. Kf2 ({But not} 28. Bxa7 $6 Kg5 29. Rb4 Re2 $11) 28... Re4 29. Rxe4 Bxe4 30. Bxa7 Bxc2 {[%emt 0:00:00] KB-KB} 31. h4 Bd1 32. Kg3 Kg6 33. Kf4 Be2 34. Be3 Bd1 35. h5+ Kh7 36. Kf5 Be2 37. h6 Kg8 38. g5 Bd3+ 39. Ke5 Bc4 40. a4 Kh7 41. Kf6 Kg8 42. a5 Bd3 43. h7+ Kxh7 44. Kxf7 Bc2 45. Ke6 Bb3 {[%emt 0:00:00] ( -> ...d4+)} 46. Kd6 {[%emt 0:00:30] Hoping for Kc7.} Bc4 $1 {[%emt 0:00:00] Weighted Error Value: White=0.22 (precise) /Black=0.31} 1/2-1/2

[Event "5th Baskent University Open 2022"]
[Site "Ankara"]
[Date "2022.07.06"]
[Round "8.22"]
[White "Turkmen, Ataberk"]
[Black "Ercan, Mehmet Fahri"]
[Result "1-0"]
[ECO "C26"]
[WhiteElo "1935"]
[BlackElo "1736"]
[Annotator "TA"]
[PlyCount "147"]
[EventDate "2022.07.02"]
[EventType "swiss"]
[EventCountry "TUR"]
[SourceTitle "playchess.com"]
[Source "ChessBase"]
[SourceQuality "1"]
[TimeControl "5400+30"]

1. e4 e5 2. Nc3 Nc6 3. g3 Nf6 4. Bg2 Bc5 5. d3 h6 6. h3 {[%emt 0:00:00] C26: Vienna Game: 2...Nf6, sidelines .} O-O 7. Nge2 d6 8. O-O ({White should play} 8. Na4) 8... Be6 (8... a5 $11) 9. Na4 $1 $14 {[%emt 0:06:30] [#]} Qd7 $146 ({Predecessor:} 9... Bb6 10. Nxb6 axb6 11. f4 d5 12. f5 Bc8 13. Qe1 dxe4 14. dxe4 Nd4 15. Nxd4 Qxd4+ {1-0 (30) Hong,X (1971)-Yin,M Tianjin 2020}) 10. Kh2 Nh7 11. f4 f6 12. c3 {[%emt 0:06:30] [#] Threatens to win with d4.} Bf7 13. d4 $36 {[%emt 0:00:30][%mdl 2048] White has some pressure.} Bb6 14. d5 Ne7 15. f5 Be8 16. b3 Kh8 17. g4 Ng8 18. h4 Qf7 19. Nb2 (19. Nxb6 $18 axb6 20. Ng3) 19... a6 (19... h5 $14) 20. Nd3 Rd8 21. Ng3 c6 22. c4 Bd4 23. Rb1 Qe7 24. Bf3 c5 (24... b5 $16 {was necessary.} 25. a4 Qa7) 25. Kg2 b5 26. Qd2 ({Better is} 26. Ne2 $18) 26... Rb8 $16 27. Bb2 Bxb2 28. Rxb2 Bf7 29. Be2 Rb7 30. Ne1 Rfb8 31. Nf3 Be8 32. Rh1 bxc4 33. Bxc4 Bb5 {[%emt 0:00:30] Strongly threatening ...Bxc4.} 34. Rc2 Bxc4 35. Rxc4 Rb4 36. Rhc1 a5 37. Ne2 (37. Ne1 $16) 37... Qa7 38. Nc3 Nf8 39. Ne1 Qa6 40. Na4 Nd7 41. Nd3 R4b7 42. Kf3 {[%emt 0:00:30] 0x0.001686218055dp-1022s more active pieces.} Nb6 43. Nxb6 Rxb6 44. Ra4 Rb5 45. g5 Kh7 {[%emt 0:00:21] [#]} (45... Qb7 $16 {is a better defense.}) 46. Rg1 (46. Nb2 $1 $18) 46... fxg5 $2 {[%emt 0:02:19] A mistake that costs the game.} (46... Qb6 $16) 47. hxg5 $18 Qa7 48. gxh6 Nxh6 49. Rg6 Qe7 50. Qh2 {[%emt 0:02:30] Nf2 is the strong threat.} Rf8 51. Ke2 Rf6 52. Rg2 Qf7 53. Qg3 Qh5+ (53... Ng8 $142 54. Nb2 (54. Nxe5 dxe5 55. Qxe5 Rb4 $15) 54... Rb4) 54. Kd2 {[%emt 0:00:30][%csl Gg2][%cal Rg3g7] Dancing on a razor blade.} Qf7 55. Nb2 Rb4 56. Nc4 Rxa4 57. bxa4 Qb7 58. Kc2 ({Not} 58. Nxa5 Qb4+ 59. Kc1 g6 $17) 58... Qd7 59. Nb6 ({Stronger than} 59. Nxa5 Qxa4+ 60. Kc1 g6 $17) 59... Qe7 60. Qg5 {[%emt 0:00:20] Inhibits g6.} Rf7 $2 (60... Kh8 {is tougher.} 61. a3 Qa7) 61. Qxe7 Rxe7 {[%emt 0:00:01][%mdl 4096] Endgame KRN-KRN} 62. Rg6 Nf7 63. Nc4 $1 Rd7 64. Kc3 Rb7 65. a3 Rb1 (65... Rd7 $142 66. Nxa5 Nh8) 66. Nxd6 Nxd6 67. Rxd6 {[%emt 0:00:00] KR-KR} Rc1+ 68. Kd3 Ra1 69. Kc4 Rxa3 70. Kxc5 Rxa4 71. Re6 Rxe4 72. d6 {[%emt 0:00:00][%cal Bd5d6,Bd6d7][%mdl 32] White mates.} a4 73. d7 Rd4 74. Rd6 {[%emt 0:00:00] Weighted Error Value: White=0.22 (precise) /Black=0.29 (precise)} 1-0

[Event "5th Baskent University Open 2022"]
[Site "Ankara"]
[Date "2022.07.06"]
[Round "8.23"]
[White "Yildiz, Serdar Murat"]
[Black "Buke, Furkan"]
[Result "1/2-1/2"]
[ECO "B66"]
[WhiteElo "1736"]
[BlackElo "1979"]
[Annotator "TA"]
[PlyCount "60"]
[EventDate "2022.07.02"]
[EventType "swiss"]
[EventCountry "TUR"]
[SourceTitle "playchess.com"]
[Source "ChessBase"]
[SourceQuality "1"]
[TimeControl "5400+30"]

1. e4 c5 2. Nf3 d6 3. d4 cxd4 4. Nxd4 Nf6 5. Nc3 Nc6 6. Bg5 e6 7. Qd2 a6 8. O-O-O h6 9. Nxc6 bxc6 10. Bf4 d5 11. Qe3 Be7 12. Be2 {[%emt 0:05:00] B66: Sicilian: Richter-Rauzer: 7...a6 8 0-0-0 h6.} O-O 13. Kb1 Nd7 14. e5 {[%emt 0:16:30] [#]} (14. h4 $1 $14) 14... Qb6 $146 ({Predecessor:} 14... Rb8 15. Qg3 Bg5 16. Bxg5 Qxg5 17. f4 Qe7 18. Rd3 a5 19. Rf3 Rb4 20. Rhf1 Nc5 {0-1 (36) Schnider,G (2141)-Mohandesi,S (2324) Graz 2002}) 15. Qg3 {[%emt 0:01:30] And now Bxh6 would win.} Rb8 16. b3 {[%emt 0:02:30] Active counter play!} Kh8 $1 17. Qh3 {[%emt 0:05:30][%cal Of4h6] Hoping for Bxh6!} Qb4 {[%emt 0:00:30] [#]} ({Black should play} 17... Kg8 $11) 18. Qe3 ({White should try} 18. Bxh6 $1 $14 Qh4 19. Qxh4 Bxh4 20. Be3) 18... g5 $2 (18... Bc5 $11 19. Qg3 Bd4) 19. Bg3 $16 {[%emt 0:05:30][%cal Oh2h4] Black must now prevent h4!} Qc5 (19... f5 {was called for.} 20. exf6 Bxf6) 20. Qd3 (20. Qd2 $1 $18 {and White stays clearly on top.}) 20... Kg7 (20... Rg8 $16) 21. h4 $18 {[%emt 0:00:30] hxg5 is the strong threat.} g4 22. Bf4 (22. Bxg4 $18 {Strongly threatening Bh5.} Qb4 23. Bh5) 22... h5 23. f3 Qb4 $2 (23... Rb4 $16 {was necessary.} 24. Be3 Qa5) 24. Qd2 (24. Bd2 $142) 24... f5 25. Bh6+ $2 (25. exf6+ $1 $18 Bxf6 26. Bxb8 Nxb8 27. Ne4 $1 Qxd2 28. Nxd2) 25... Kh7 $11 26. Bxf8 Nxf8 (26... Bxf8 $11 27. f4 Bh6) 27. fxg4 $16 hxg4 {[%emt 0:00:00] [#]} 28. Bd3 (28. Rhf1 $1 $16) 28... Ng6 29. Rhe1 a5 30. Ne2 (30. h5 $14 {stays ahead.} Nh4 31. Rh1) 30... Nxe5 {[%emt 0:02:40] Blacks defense is rewarded with a draw.  Weighted Error Value: White=0.55/Black=0.49} ({Better is} 30... Qxd2 $17 31. Rxd2 Bxh4) 1/2-1/2